 Dungeon Crawl Stone Soup version 0.29-a0-819-g94b489e0ae (webtiles) character file.

Game seed: 6706902117867021008

84 Morbidden the Conjurer (level 4, -1/27 HPs)
             Began as an Octopode Conjurer on July 6, 2022.
             Slain by a gnoll
             ... wielding a +0 club
              (2 damage)
             ... on level 3 of the Dungeon.
             The game lasted 00:02:14 (2116 turns).

Morbidden the Conjurer (Octopode Conjurer)          Turns: 2116, Time: 00:02:14

Health: -1/27      AC:  1    Str: 12    XL:     4   Next: 46%
Magic:  1/8        EV: 13    Int: 22    God:
Gold:   104        SH:  0    Dex: 16    Spells: 5/8 levels left

rFire   . . .      SeeInvis .   a - +0 dagger
rCold   . . .      Faith    .   (no shield)
rNeg    . . .      Spirit   .   (helmet restricted)
rPois   .          Reflect  .   (no amulet)
rElec   .          Harm     .   f - +6 ring of dexterity
rCorr   .          Rampage  .   n - +6 ring of strength
Will    .....                   (no ring)
Stlth   +++.......              (no ring)
HPRegen 0.09/turn               (no ring)
MPRegen 0.11/turn               (no ring)
                                (no ring)
                                (no ring)

@: flying
A: almost no armour, amphibious, 8 rings, camouflage 1, gelatinous body 1,
(nimble swimmer 1), tentacles
a: no special abilities


You were on level 3 of the Dungeon.
You visited 1 branch of the dungeon, and saw 3 of its levels.

You collected 104 gold pieces.

Inventory:

Hand Weapons
 a - a +0 dagger (weapon)
Jewellery
 f - a +6 ring of dexterity (left tentacle)
 n - a +6 ring of strength (right tentacle)
Wands
 j - a wand of iceblast (14)
Scrolls
 d - 3 scrolls of identify {unknown}
 g - a scroll of enchant armour {unknown}
 k - a scroll of vulnerability {unknown}
Potions
 b - a potion of lignification {unknown}
 c - 2 potions of flight
 e - a potion of brilliance {unknown}
 h - a potion of degeneration {unknown}
 i - 3 potions of curing {unknown}
 l - a potion of heal wounds {unknown}
 m - a potion of magic


   Skills:
 * Level 0.6 Fighting
 * Level 2.2 Dodging
 + Level 3.0 Stealth
 + Level 0.1 Unarmed Combat
 * Level 2.7 Spellcasting
 * Level 5.0 Conjurations


You had 5 spell levels left.
You knew the following spells:

 Your Spells              Type           Power      Damage    Failure   Level
a - Magic Dart            Conj           100%       1d8       1%          1
b - Searing Ray           Conj           50%        2d6       2%          2

Your spell library contained the following spells:

 Spells                   Type           Power      Damage    Failure   Level
 Dazzling Flash           Conj/Hex       28%        N/A       14%         3
 Ensorcelled Hibernation  Hex/Ice        4%         N/A       19%         2
 Spider Form              Tmut/Pois      2%         N/A       36%         3
 Fulminant Prism          Conj/Hex       7%         3d7       41%         4
 Iskenderun's Mystic Bla  Conj/Tloc      14%        2d5       41%         4
 Anguish                  Hex/Necr       1%         N/A       77%         4


Dungeon Overview and Level Annotations

Branches:
Dungeon (3/15)

Altars:

Shops:
D:2 :


Innate Abilities, Weirdness & Mutations

You cannot wear most types of armour.
You are amphibious.
You can wear up to eight rings at the same time.
Your skin changes colour to match your surroundings (Stealth+).
Your rubbery body absorbs attacks. (AC +1, EV +1)
((You are camouflaged when in or above water. (Stealth+)))
You have tentacles for arms and can constrict up to eight enemies at once.


Message History

You open the door. The ball python barely misses you.
The ball python grabs you. The ball python constricts you.
Unknown command.
The ball python's grasp on you weakens, but your attempt to escape fails.
The ball python bites you. The ball python constricts you.
Unknown command.
You hit the ball python. You grab the ball python. You squeeze the ball python.
You kill the ball python!
Unknown command.
Unknown command.
The gnoll attacks as you move away! The gnoll closely misses you.
There is an open door here.
Casting: Searing Ray (safe; 2% risk of failure)
Confirm with . or Enter, or press ? or * to list all spells.
Aiming: Searing Ray (safe; 2% risk of failure)
Press: ? - help, Shift-Dir - straight line, f - gnoll
Aim: a gnoll, wielding a +0 club (82% to hit)
The searing ray hits the gnoll but does no damage.
The searing ray hits the gnoll.
The gnoll is moderately wounded. (Press . to maintain the ray.)
The gnoll hits you with a +0 club.
The gnoll hits you from afar with a +0 spear.
* * * LOW HITPOINT WARNING * * *
Unknown command.
Unknown command.
The searing ray hits the gnoll.
The gnoll is lightly wounded.
The searing ray misses the gnoll.
The gnoll hits you with a +0 club!
* * * LOW HITPOINT WARNING * * *
The gnoll barely misses you.
Unknown command.
Unknown command.
Unknown command.
Unknown command.
It was a potion of flight.
You feel very buoyant.
You fly up into the air.
The gnoll barely misses you. The gnoll hits you with a +0 club.
You die...

#..............
..............#
#)...g.......#
#............#
#............#
#............#
#####'####...#
#...####...# ###
#...'gg@...+ ..#
#...####...####.#
#...#.....<.....#
#...#.#......#..#
####............#####..#
#......#.......#.....#
#.##......###..#.###...#
#.###.##..#....#.# #
#.†...##..#....#.#


You could see 2 gnolls.

Vanquished Creatures
  2 gnolls (D:3)
  A worm (D:2)
  6 ball pythons
  3 bats
  3 endoplasms
  3 giant cockroaches (D:1)
  4 goblins
  6 hobgoblins
  15 jackals
  2 quokkas
  3 frilled lizards
  3 rats (D:1)
51 creatures vanquished.

Notes
Turn   | Place    | Note
-------+----------+-------------------------------------------
     0 | D:1      | Morbidden the Octopode Conjurer began the quest for the
                  | Orb.
     0 | D:1      | Reached XP level 1. HP: 11/11 MP: 3/3
   222 | D:1      | Reached XP level 2. HP: 13/17 MP: 0/5
   333 | D:1      | Learned a level 2 spell: Searing Ray
   531 | D:1      | Reached XP level 3. HP: 17/21 MP: 1/6
   863 | D:1      | Found a faded altar of an unknown god.
  1506 | D:2      | Found Keollili's Book Boutique.
  1790 | D:2      | Reached XP level 4. HP: 27/27 MP: 3/7
  2109 | D:3      | Reached skill level 5 in Conjurations
  2115 | D:3      | HP: 1/27 [gnoll/+0 club (7)]
  2116 | D:3      | Slain by a gnoll

Illustrated notes

Levels and vault maps discovered:
D:1:      co_arrival_hall_of_pillars, layout_loops_ring, basic_ecumenical_altar,
          minmay_cupped
D:2:      layout_basic, serial_shops, shop, interstate_on_off,
          kennysheep_cross_bottleneck, minmay_divided_ellipse
D:3:      layout_basic, demons_altar, pdpol_wu_jian_five_deadly_venoms,
          nicolae_shop_vocational

Skill      XL: |  1  2  3  4 |
---------------+-------------+-----
Stealth        | 3 |  3.0
Conjurations   | 5 |  5.0
Fighting       | |  0.6
Dodging        | |  2.2
Unarmed Combat | |  0.1
Spellcasting   | |  2.7

Action                   |  1- 3 |  4- 6 || total
-------------------------+-------+-------++-------
Melee: Unarmed           |    31 |     8 ||    39
       Tentacles         |     7 |     2 ||     9
       Constrict         |     8 |     5 ||    13
       Dagger            |       |     4 ||     4
 Cast: Magic Dart        |    65 |     3 ||    68
       Searing Ray       |       |     3 ||     3
  Use: Potion            |       |     1 ||     1
 Stab: Sleeping          |     1 |     2 ||     3
Armor: Skin              |     2 |       ||     2
Dodge: Dodged            |    20 |    16 ||    36

Table legend: (Time is in decaauts)
 A = Elapsed time spent in this place.
 B = Non-inter-level travel time spent in this place.
 C = Inter-level travel time spent in this place.
 D = Time resting spent in this place.
 E = Time spent auto-exploring this place.
 F = Levels seen in this place.
 G = Mean time per level.
                   A        B        C        D        E       F      G
               +--------+--------+--------+--------+--------+-----+--------+
         Total |   2114 |   2079 |     35 |    166 |   1661 |   3 |  704.7 |
       Dungeon |   2114 |   2079 |     35 |    166 |   1661 |   3 |  704.7 |
               +--------+--------+--------+--------+--------+-----+--------+

Top non-repeatable levels by time:
     D:1: 1348 daAuts
     D:2: 707 daAuts
     D:3: 58 daAuts
